 Dungeon Crawl Stone Soup version 0.30-a0-782-ge64f9170bb (webtiles) character file.

Game seed: 11956926662073614663

135 sanka the Ruffian (level 4, -5/45 HPs)
             Began as a Troll Monk on Feb 22, 2023.
             Slain by a gnoll
             ... wielding a +0 halberd
              (13 damage)
             ... on level 4 of the Dungeon.
             The game lasted 00:02:12 (1751 turns).

sanka the Ruffian (Troll Monk)                      Turns: 1751, Time: 00:02:13

Health: -5/45      AC:  4    Str: 19    XL:     4   Next: 97%
Magic:  3/3        EV: 10    Int:  6    God:
Gold:   130        SH:  0    Dex: 14    Spells: 3/3 levels left

rFire   . . .      SeeInvis .      - Unarmed
rCold   . . .      Faith    .    (no shield)
rNeg    . . .      Spirit   .    a - +0 robe
rPois   .          Reflect  .    (helmet restricted)
rElec   .          Harm     .    (no cloak)
rCorr   .          Rampage  .    (gloves unavailable)
Will    .....                    (boots unavailable)
Stlth   ++                       m - amulet of regeneration
HPRegen 1.87/turn                (no ring)
MPRegen 0.08/turn                (no ring)

@: no status effects
A: large, unfitting armour, claws 3, regeneration 1, shaggy fur 1, tough skin 1
a: no special abilities


You were on level 4 of the Dungeon.
You visited 1 branch of the dungeon, and saw 3 of its levels.

You collected 130 gold pieces.


Innate Abilities, Weirdness & Mutations

You are too large for most types of armour.
You have claws for hands.
Your natural rate of healing is unusually fast.
You are covered in fur. (AC +1)
You have tough skin. (AC +1)


   Skills:
 - Level 3.0 Fighting
 - Level 2.4 Dodging
 - Level 1.0 Stealth
 + Level 5.3 Unarmed Combat


You had 3 spell levels left.
You didn't know any spells.
Your spell library contained the following spells:

 Spells                   Type           Power      Damage    Failure   Level
 Petrify                  Tmut/Erth      0%         N/A       99%         4
 Metabolic Englaciation   Hex/Ice        0%         N/A       100%        5
 Statue Form              Tmut/Erth      0%         N/A       100%        6

Inventory:

Armour
 a - a +0 robe (worn)
Jewellery
 e - an amulet of reflection
 m - an amulet of regeneration (around neck)
Scrolls
 d - a scroll of poison {unknown}
 g - a scroll of fear {unknown}
 h - a scroll of identify {unknown}
 i - 2 scrolls of enchant weapon {unknown}
 j - a scroll of teleportation {unknown}
 k - a scroll of vulnerability {unknown}
 r - a scroll of immolation {unknown}
 s - a scroll of amnesia {unknown}
 t - a scroll of noise {unknown}
Potions
 b - 2 potions of ambrosia
 c - 4 potions of heal wounds {unknown}
 f - a potion of lignification {unknown}
 l - a potion of attraction {unknown}
 n - a potion of resistance {unknown}
 o - a potion of magic {unknown}
 p - a potion of haste {unknown}
 q - a potion of curing {unknown}

Dungeon Overview and Level Annotations

Branches:
Dungeon (2/15)

Altars:

▒.▒
▒▒▒▒▒▒▒▒▒▒▒▒▒.▒
▒.............▒
▒▒.▒▒▒▒▒▒▒▒▒▒▒▒
▒.▒ ... ▒)▒
.... ▒ ▒.▒
..... ▒
▒.▒▒▒...... ▒
▒(Tggg..... ▒
▒▒▒▒▒......
..... .... ▒▒▒
▒▒▒▒▒▒▒ ▒......
▒...... ▒......
▒......


You could see 3 gnolls.


Message History

A gnoll comes into view. It is wielding a +0 flail.
You closely miss the gnoll. Your claw misses the gnoll.
The gnoll is severely wounded.
The gnoll hits you with a +0 flail!
The gnoll hits you from afar with a +0 halberd!
* * * LOW HITPOINT WARNING * * *
You closely miss the gnoll.
The gnoll is severely wounded.
You claw the gnoll!
You kill the gnoll!
The gnoll hits you from afar with a +0 halberd!
* * * LOW HITPOINT WARNING * * *
Things that are here:
a +0 flail; a gnoll corpse; a ball python corpse You closely miss the gnoll.
The gnoll hits you from afar with a +0 halberd.
* * * LOW HITPOINT WARNING * * *
You barely miss the gnoll.
The gnoll shouts!
The gnoll closely misses you.
The gnoll hits you from afar with a +0 halberd!
* * * LOW HITPOINT WARNING * * *
You barely miss the gnoll. The gnoll hits you but does no damage.
The gnoll closely misses you.
You barely miss the gnoll. The gnoll closely misses you.
The gnoll hits you from afar with a +0 halberd!
You die...

Action                     |  1- 3 |  4- 6 || total
---------------------------+-------+-------++-------
  Melee: Unarmed           |    94 |    48 ||   142
         Punch             |     1 |       ||     1
   Stab: Sleeping          |     1 |       ||     1
 Armour: Robe              |    23 |    10 ||    33
  Dodge: Dodged            |    46 |    20 ||    66

Levels and vault maps discovered:
D:1:      matt_arrival_refuge, layout_loops_corners
D:2:      layout_loops_ring, kennysheep_nub, minmay_pentomino_x4
D:4:      layout_basic, kennysheep_mini_moat, abandoned_shop

Notes
Turn   | Place    | Note
-------+----------+-------------------------------------------
     0 | D:1      | sanka the Troll Monk began the quest for the Orb.
     0 | D:1      | Reached XP level 1. HP: 22/22 MP: 0/0
   460 | D:1      | Reached XP level 2. HP: 29/29 MP: 1/1
   940 | D:2      | Reached skill level 3 in Fighting
   940 | D:2      | Reached XP level 3. HP: 34/37 MP: 2/2
  1069 | D:2      | Reached skill level 4 in Unarmed Combat
  1318 | D:4      | Reached XP level 4. HP: 43/45 MP: 3/3
  1438 | D:4      | Reached skill level 5 in Unarmed Combat
  1751 | D:4      | Slain by a gnoll

Vanquished Creatures
  A hound (D:4)
  A gnoll (D:4)
  3 adders
  A dart slug (D:2)
  5 orcs
  6 endoplasms
  A giant cockroach (D:2)
  6 goblins
  3 hobgoblins
  6 jackals
  8 kobolds
  2 quokkas
  5 ball pythons
  5 bats
  3 frilled lizards
  2 rats
58 creatures vanquished.
